 Dungeon Crawl Stone Soup version 0.30-a0-748-ge6a52f7cba (webtiles) character file.

Game seed: 7525004508723093754

565 tio the Grave Robber (level 7, -5/42 HPs)
             Began as a Demonspawn Necromancer on Feb 8, 2023.
             Was a Follower of Hepliaklqana.
             Slain by a gnoll
             ... wielding a +0 halberd
             ... led by a gnoll sergeant
              (12 damage)
             ... on level 5 of the Dungeon.
             The game lasted 00:29:15 (4113 turns).

tio the Grave Robber (Demonspawn Necromancer)       Turns: 4113, Time: 00:29:16

Health: -5/42      AC:  4    Str: 11    XL:     7   Next: 10%
Magic:  1/14       EV:  6    Int: 16    God:    Hepliaklqana [*.....]
Gold:   284        SH:  0    Dex: 13    Spells: 12/15 levels left

rFire   . . .      SeeInvis .    e - +4 trident of Fatigue {flame, Stlth+}
rCold   . . .      Faith    .    k - orb {guile}
rNeg    . . .      Spirit   .    a - +1 robe
rPois   +          Reflect  .    (no helmet)
rElec   .          Harm     .    j - +0 cloak
rCorr   .          Rampage  .    (no gloves)
Will    .....                    (no boots)
Stlth   +++                      (no amulet)
HPRegen 0.27/turn                u - ring of poison resistance
MPRegen 0.14/turn                (no ring)

@: about to teleport, held
A: reduced essence, large bone plates 1, demonic guardian 1, demonic magic 1
a: Renounce Religion, Recall Ancestor, Ancestor Identity


You were on level 5 of the Dungeon.
You worshipped Hepliaklqana.
Hepliaklqana was aware of your devotion.
You visited 1 branch of the dungeon, and saw 5 of its levels.

You collected 284 gold pieces.

Inventory:

Hand Weapons
 e - the +4 trident of Fatigue (weapon) {flame, Stlth+}
   (You acquired it on level 1 of the Dungeon)

   Stlth:     It makes you more stealthy.
 s - a +4 quarterstaff of speed
Missiles
 c - a throwing net
Armour
 a - a +1 robe (worn)
 j - a +0 cloak (worn)
 k - an orb of guile (worn)
Jewellery
 u - a ring of poison resistance (left hand)
Wands
 h - a wand of flame (23)
 p - a wand of roots (8)
 q - a wand of polymorph (4)
Scrolls
 i - 4 scrolls of identify
 t - a scroll of enchant armour
Potions
 b - a potion of magic
 d - a potion of haste
 g - a potion of mutation
 l - a potion of brilliance
 m - a potion of invisibility
 n - a potion of ambrosia
 r - a potion of lignification


   Skills:
 + Level 0.5 Fighting
 + Level 1.1 Polearms
 + Level 1.9 Dodging
 + Level 1.9 Stealth
 + Level 4.8 Spellcasting
 + Level 7.3 Necromancy


You had 12 spell levels left.
You knew the following spells:

 Your Spells              Type           Power      Damage    Failure   Level
a - Necrotise             Necr           100%       1d9       1%          1
b - Wereblood             Tmut           3%         N/A       24%         2

Your spell library contained the following spells:

 Spells                   Type           Power      Damage    Failure   Level
 Vampiric Draining        Necr           27%        2d7       2%          3
 Animate Dead             Necr           27%        N/A       8%          4
 Beastly Appendage        Tmut           6%         N/A       16%         1
 Agony                    Necr           27%        N/A       21%         5
 Call Canine Familiar     Summ           3%         N/A       43%         3
 Portal Projectile        Hex/Tloc       6%         N/A       43%         3
 Spider Form              Tmut/Pois      3%         N/A       43%         3
 Leda's Liquefaction      Hex/Erth       1%         N/A       83%         4
 Yara's Violent Unravell  Hex/Tmut       1%         3d3       99%         5
 Enfeeble                 Hex            1%         N/A       100%        7


Dungeon Overview and Level Annotations

Branches:
Dungeon (5/15)             Temple (0/1) D:4

Altars:
Hepliaklqana
Okawaru

Shops:
D:4 (


Innate Abilities, Weirdness & Mutations

Your life essence is reduced to manifest your ancestor. (-10% HP)
You are partially covered in large bone plates. (SH +4)
A weak demonic guardian rushes to your aid.
Spells you cast may paralyse adjacent enemies.


Message History

You see here a throwing net.
You tear a large gash into the net.
Your quasit bites the gnoll sergeant but does no damage.
Your quasit claws the gnoll sergeant but does no damage.
Your quasit barely misses the gnoll sergeant.
The gnoll sergeant blocks your gnoll skeleton's attack.
The gnoll sergeant hits your gnoll skeleton with a +0 spear!
The gnoll sergeant blocks your quasit's attack. x2
Your quasit closely misses the gnoll sergeant.
You struggle against the net.
Your quasit bites the gnoll sergeant but does no damage.
Your quasit barely misses the gnoll sergeant.
Your quasit claws the gnoll sergeant but does no damage.
The gnoll sergeant completely misses your quasit.
The gnoll completely misses you.
Your gnoll skeleton hits the gnoll sergeant but does no damage.
Your iguana skeleton barely misses the gnoll sergeant.
You struggle against the net.
Your quasit bites the gnoll sergeant.
The gnoll sergeant blocks your quasit's attack.
Your quasit claws the gnoll sergeant but does no damage.
The gnoll sergeant hits your quasit with a +0 spear!
Your quasit dies!
Your quasit disappears in a puff of smoke!
The gnoll hits you from afar with a +0 halberd!
Your gnoll skeleton hits the gnoll sergeant but does no damage.
You are too injured to fight recklessly!
You feel better.
Your iguana skeleton bites the gnoll sergeant but does no damage.
The gnoll sergeant hits your gnoll skeleton with a +0 spear!
Your gnoll skeleton is destroyed!
The gnoll hits you from afar with a +0 halberd!
As you read the scroll of teleportation, it crumbles to dust.
You feel strangely unstable.
The gnoll hits you from afar with a +0 halberd.
* * * LOW HITPOINT WARNING * * *
The gnoll sergeant hits you from afar with a +0 spear.
* * * LOW HITPOINT WARNING * * *
Your iguana skeleton barely misses the gnoll sergeant.
The gnoll hits you from afar with a +0 halberd!
You die... ........<# ##..###.... .........#####.R## ###.. ...............## ## ................## #.......####.....## #.....# #......# #gZg#

#......## #..##
#.......## #.@.#
#........#
##..###.......##
##..###.....##
##..##..####
#..##..#
##..#R.# ##....#
#....# ##...#


You could see a gnoll sergeant (ally target), a gnoll and a friendly iguana
skeleton.

Vanquished Creatures
  Sigmund (D:3)
  An ogre (D:4)
  A scorpion (D:4)
  A hound (D:5)
  Ijyb (D:4)
  2 iguanas (D:5)
  A gnoll (D:5)
  3 adders
  A white imp (D:5)
  A worm (D:4)
  2 dart slugs
  5 orcs
  6 endoplasms
  5 giant cockroaches
  7 goblins
  A hobgoblin (D:1)
  3 training dummies (D:4)
  5 ball pythons
  8 bats
  5 frilled lizards
  8 kobolds
  2 rats
  A spectral goblin (D:3)
71 creatures vanquished.

Vanquished Creatures (collateral kills)
  An orc priest (D:5)
  A gnoll (D:5)
  A quokka (D:1)
3 creatures vanquished.

Vanquished Creatures (others)
  2 ancestors (D:5)
2 creatures vanquished.

Grand Total: 76 creatures vanquished

Notes
Turn   | Place    | Note
-------+----------+-------------------------------------------
     0 | D:1      | tio the Demonspawn Necromancer began the quest for the Orb.
     0 | D:1      | Reached XP level 1. HP: 13/13 MP: 3/3
   166 | D:1      | Gained mutation: A weak demonic guardian rushes to your
                  | aid. [demonic ancestry]
   166 | D:1      | Reached XP level 2. HP: 12/19 MP: 0/5
   292 | D:1      | Reached skill level 5 in Necromancy
   924 | D:1      | Identified a scroll of acquirement
   924 | D:1      | Acquired the +4 trident of Fatigue {flame, Stlth+}
  1144 | D:2      | Reached XP level 3. HP: 24/24 MP: 3/6
  2087 | D:3      | Noticed Sigmund
  2108 | D:3      | Killed Sigmund
  2109 | D:3      | Reached skill level 6 in Necromancy
  2109 | D:3      | Gained mutation: You are partially covered in large bone
                  | plates. (SH +4) [demonic ancestry]
  2109 | D:3      | Reached XP level 4. HP: 20/31 MP: 4/9
  2109 | D:3      | Gained mutation: Spells you cast may paralyse adjacent
                  | enemies. [demonic ancestry]
  2109 | D:3      | Reached XP level 5. HP: 24/36 MP: 4/10
  2336 | D:3      | Found a hazy altar of Hepliaklqana.
  2349 | D:3      | Became a worshipper of Hepliaklqana the Forgotten
  2568 | D:3      | Found an iron altar of Okawaru.
  2798 | D:4      | Noticed Ijyb
  2805 | D:4      | Killed Ijyb
  2806 | D:4      | Reached XP level 6. HP: 41/42 MP: 4/11
  2891 | D:4      | Reached skill level 1 in Polearms
  3214 | D:4      | Found Koeqall's Firing Range.
  3263 | D:4      | Found a staircase to the Ecumenical Temple.
  3285 | D:4      | Learned a level 2 spell: Wereblood
  3531 | D:4      | Reached * piety under Hepliaklqana
  3768 | D:5      | Entered Level 5 of the Dungeon
  3915 | D:5      | Reached skill level 7 in Necromancy
  3917 | D:5      | Reached XP level 7. HP: 10/42 MP: 4/14
  4113 | D:5      | Slain by a gnoll

Illustrated notes

Levels and vault maps discovered:
D:1:      dpeg_arrival_solitude, layout_basic, amethyst_killhole
D:2:      layout_basic, amcnicky_mini_corridor_feature
D:3:      layout_loops_ring, okawaru_gym_becter,
          nicolae_hepliaklqana_monster_ancestors, uniq_sigmund
D:4:      layout_cave_pods, minmay_temple_entry_stoned_glass, chequers_garden,
          nicolae_shop_firing_range, uniq_ijyb
D:5:      layout_cave_pods, nicolae_ru_the_path_less_chosen,
          nicolae_ossuary_entry_monument

Skill      XL: |  1  2  3  4  5  6 |
---------------+-------------------+-----
Necromancy     | 5 6 7 |  7.3
Spellcasting   | 3 4 |  4.8
Polearms       | 1 |  1.1
Fighting       | |  0.5
Dodging        | |  1.9
Stealth        | |  1.9

Action                     |  1- 3 |  4- 6 |  7- 9 || total
---------------------------+-------+-------+-------++-------
  Melee: Short sword       |    14 |       |       ||    14
         Trident           |     8 |    15 |       ||    23
   Cast: Necrotise         |    67 |    63 |    16 ||   146
         Wereblood         |       |     2 |       ||     2
 Invoke: Ancestor Identity |       |     1 |       ||     1
    Use: Scroll            |    10 |     5 |     1 ||    16
         Potion            |     4 |       |     1 ||     5
   Stab: Paralysed         |       |     3 |       ||     3
 Armour: Robe              |     7 |     4 |       ||    11
  Dodge: Dodged            |    21 |    13 |     7 ||    41
  Block: Orb               |       |     3 |       ||     3

Table legend: (Time is in decaauts)
 A = Elapsed time spent in this place.
 B = Non-inter-level travel time spent in this place.
 C = Inter-level travel time spent in this place.
 D = Time resting spent in this place.
 E = Time spent auto-exploring this place.
 F = Levels seen in this place.
 G = Mean time per level.
                   A        B        C        D        E       F      G
               +--------+--------+--------+--------+--------+-----+--------+
         Total |   4117 |   3908 |    209 |      0 |   3410 |   5 |  823.4 |
       Dungeon |   4117 |   3908 |    209 |      0 |   3410 |   5 |  823.4 |
               +--------+--------+--------+--------+--------+-----+--------+

Top non-repeatable levels by time:
     D:3: 1007 daAuts
     D:4: 983 daAuts
     D:1: 927 daAuts
     D:2: 853 daAuts
     D:5: 345 daAuts
